 Dungeon Crawl Stone Soup version 0.30.1-3-gfc49f6343a (webtiles) character file.

Game seed: 7652671349838101643

298 Zeor the Cudgeller (level 6, -9/38 HPs)
             Began as a Gargoyle Monk on Aug 7, 2023.
             Mangled by an ogre
             ... wielding a +0 giant spiked club
              (15 damage)
             ... on level 4 of the Dungeon.
             The game lasted 00:11:26 (3824 turns).

Zeor the Cudgeller (Gargoyle Monk)                  Turns: 3824, Time: 00:11:27

Health: -9/38      AC: 16    Str: 16    XL:     6   Next: 35%
Magic:  6/6        EV:  8    Int: 11    God:
Gold:   222        SH:  0    Dex: 12    Spells: 5/5 levels left

rFire   . . .        a - +0 mace
rCold   . . .        d - orb {light}
rNeg    + . .        p - +0 chain mail
rPois   ∞            (no helmet)
rElec   +            (no cloak)
rCorr   .            (no gloves)
SInv    .            o - +2 pair of boots
Will    .....        f - amulet of faith Stlth
                     (no ring)
HPRegen 0.26/turn    (no ring)
MPRegen 0.10/turn

%: faith
@: glowing
A: sickness immunity, AC +4, negative energy resistance 1, electricity
resistance, torment resistance 1, petrification resistance
a: no special abilities


You were on level 4 of the Dungeon.
You visited 1 branch of the dungeon, and saw 4 of its levels.
You also visited: Sewer.

You collected 222 gold pieces.

Inventory:

Hand Weapons
 a - a +0 mace (weapon)
Armour
 d - an orb of light (worn)
 g - a +0 ring mail of fire resistance
 o - a +2 pair of boots (worn)
 p - a +0 chain mail (worn)
Jewellery
 f - an amulet of faith (around neck)
Wands
 m - a wand of paralysis (11)
Scrolls
 e - a scroll of magic mapping
 h - 3 scrolls of teleportation
Potions
 b - a potion of resistance
 c - a potion of ambrosia
 i - a potion of invisibility
 j - 3 potions of curing
 k - 3 potions of flight


   Skills:
 + Level 3.9 Fighting
 * Level 5.5 Maces & Flails
 + Level 2.6 Armour
 + Level 3.1 Dodging


You had 5 spell levels left.
You didn't know any spells.
Your spell library contained the following spells:

 Spells                   Type           Power      Damage    Failure   Level
 Freeze                   Ice            0%         1d3       99%         1
 Frozen Ramparts          Ice            0%         1d1       100%        3
 Hailstorm                Conj/Ice       0%         3d3       100%        3
 Vhi's Electric Charge    Tloc/Air       0%         N/A       100%        3
 Arcjolt                  Conj/Air       0%         1d10      100%        5
 Plasma Beam              Fire/Air       0%         2x1d11    100%        6


Dungeon Overview and Level Annotations

Branches:
Dungeon (4/15)              Sewer (visited)
 Temple: D:4-7

Altars:

Portals:
Abyss: D:3

Annotations:
D:3 2 transporters, KarmaticGoose's ghost, amateur DrTm


Innate Abilities, Weirdness & Mutations

You are immune to sickness and miasma.
Your stone body is resilient. (AC +4)
You are immune to poison.
You resist negative energy. (rN+)
You are resistant to electric shocks. (rElec)
You are resistant to unholy torment.
You are immune to petrification.


Message History

You hit the goblin.
The goblin is severely wounded.
The goblin hits you but does no damage.
You hit the goblin.
You kill the goblin!
The goblin closely misses you.
You barely miss the goblin. The goblin barely misses you.
You hit the goblin.
You kill the goblin!
You hit the goblin.
The goblin is severely wounded.
The goblin misses you.
You hit the goblin.
You kill the goblin!
You hit the ogre.
The ogre is lightly wounded.
The ogre hits you with a +0 giant spiked club.
You hit the ogre but do no damage.
The ogre is lightly wounded.
The ogre barely misses you.
You thump the ogre!
The ogre is moderately wounded.
You hit the ogre.
The ogre is heavily wounded.
The ogre hits you with a +0 giant spiked club!
You hit the ogre.
The ogre is heavily wounded.
The ogre hits you with a +0 giant spiked club!
You are too injured to fight recklessly!
You are too injured to fight recklessly!
You hit the ogre.
The ogre is severely wounded.
The ogre hits you with a +0 giant spiked club!
* * * LOW HITPOINT WARNING * * *
You hit the ogre but do no damage.
The ogre is severely wounded.
You hit the ogre.
The ogre is almost dead.
The ogre hits you with a +0 giant spiked club!
You die...

▒∙▒÷~~~~~'~▒∙▒▒▒ ▒
▒▒▒▒▒▒▒∙'▒▒~~▒▒▒~▒∙▒ ▒
▒∙∙∙∙∙∙∙∙∙▒▒▒▒∙▒▒▒∙▒ ▒
▒∙▒▒▒▒▒▒▒∙∙∙∙∙∙∙∙∙∙▒▒▒▒▒▒▒▒▒▒▒▒
▒▒▒∙▒ ▒▒▒▒∙∙▒∙∙∙∙∙∙∙∙∙∙∙∙∙∙∙∙
∙∙∙∙▒ ▒∙∙▒▒∙∙▒▒▒▒▒▒▒▒▒▒▒▒▒
▒▒▒▒▒ ▒∙∙▒▒▒▒▒▒▒∙∙∙∙∙∙∙∙∙∙
▒∙∙▒▒▒g∙∙▒∙▒▒▒▒▒▒▒▒▒
▒∙∙9Ogg∙∙▒▒▒ ▒∙▒▒▒▒g((▒
░░░░░░░░░░░▒∙░░ ░░░▒▒
░·········░∙∙·░░ ░··░
░·░░░░░░░·∙∙∙··░░░··░ ░░·░░·░░
░·∙∙∙····░··░
░░······░░░▒∙∙∙··░·░··░░
···░···········>░░·░···░
░░······░░░░░░░░░░·░░··░


You could see an ogre and 4 goblins.

Vanquished Creatures
  An orc priest (D:3)
  2 orc wizards (D:3)
  A sleepcap (D:4)
  A malarious merfolk avatar (Sewer)
  A sickly merfolk siren (Sewer)
  2 adders (Sewer)
  A river rat (Sewer)
  2 worms
  3 dart slugs (D:1)
  5 orcs (D:3)
  4 endoplasms
  3 giant cockroaches
  7 goblins
  8 hobgoblins
  10 quokkas
  10 ball pythons
  5 bats
  6 frilled lizards
  6 kobolds
  37 rats
115 creatures vanquished.

Notes
Turn   | Place    | Note
-------+----------+-------------------------------------------
     0 | D:1      | Zeor the Gargoyle Monk began the quest for the Orb.
     0 | D:1      | Reached XP level 1. HP: 14/14 MP: 1/1
   227 | D:1      | Reached XP level 2. HP: 19/19 MP: 2/2
   661 | D:1      | Reached XP level 3. HP: 19/23 MP: 3/3
  1869 | D:2      | Reached skill level 4 in Maces & Flails
  2090 | D:3      | Reached skill level 1 in Armour
  2118 | D:3      | Reached XP level 4. HP: 28/28 MP: 4/4
  2181 | D:3      | Found a transporter.
  2208 | D:3      | Found a transporter.
  2208 | D:3      | Noticed KarmaticGoose's ghost (amateur DrTm)
  2210 | D:3      | Found a one-way gate to the infinite horrors of the Abyss.
  2212 | D:3      | Noticed a small abomination
  2435 | D:3      | Noticed a small abomination
  2527 | D:3      | Reached XP level 5. HP: 28/33 MP: 5/5
  2787 | D:4      | Found a glowing drain.
  2791 | Sewer    | Entered a sewer
  2912 | Sewer    | Reached skill level 5 in Maces & Flails
  3206 | Sewer    | Reached XP level 6. HP: 38/38 MP: 6/6
  3824 | D:4      | Mangled by an ogre

Illustrated notes

Levels and vault maps discovered:
D:1:      dpeg_cavernosity, layout_basic, serial_aquarium,
          aquarium_bridge_island_small [aquarium_subvault_small_water,
          aquarium_subvault_wall, aquarium_subvault_bridge,
          aquarium_subvault_wall, aquarium_subvault_bridge],
          aquarium_window_corridor_1, aquarium_window_fake, aquarium_view_2e,
          aquarium_pool_side
D:2:      layout_basic
D:3:      layout_rooms, gammafunk_ghost_abyssal_escape,
          nicolae_figureground_pulse
D:4:      layout_loops_ring, gup_sewer_entry_bowl, minmay_ogre_servants

Skill      XL: |  1  2  3  4  5 |
---------------+----------------+-----
Maces & Flails | 4 5 |  5.5
Armour         | 1 2 |  2.6
Dodging        | 3 |  3.1
Fighting       | |  3.9

Action                     |  1- 3 |  4- 6 || total
---------------------------+-------+-------++-------
  Melee: Mace              |   124 |   256 ||   380
    Use: Scroll            |     9 |     6 ||    15
         Potion            |       |     3 ||     3
 Armour: Robe              |     3 |       ||     3
         Ring mail         |    48 |    88 ||   136
         Chain mail        |       |     3 ||     3
  Dodge: Dodged            |    86 |   181 ||   267
